 Dungeon Crawl Stone Soup version 0.20-a0-502-g555d78b (webtiles) character file.

2784 nono the Ducker (level 10, -7/91 HPs)
             Began as a Halfling Berserker on Jan 20, 2017.
             Was a High Priest of Trog.
             Killed from afar by Kidiri's ghost (45 damage)
             ... with a fireball
             ... on level 9 of the Dungeon.
             The game lasted 00:31:23 (7411 turns).

nono the Ducker (Halfling Berserker)                Turns: 7411, Time: 00:31:24

Health: -7/91      AC: 14    Str: 26    XL:     10   Next: 1%
Magic:  10/10      EV: 20    Int:  3    God:    Trog [*****.]
Gold:   402        SH:  6    Dex: 15    Spells: 9/9 levels left

rFire    . . .     SeeInvis +   d - +0 long sword
rCold    . . .     Gourm    .   q - +0 chain mail
rNeg     . . .     Faith    +   N - +0 buckler
rPois    .         Spirit   .   o - +1 helmet {SInv}
rElec    .         Reflect  .   D - +0 cloak {+Inv}
rCorr    .         Harm     .   (no gloves)
MR       +....                  (no boots)
Stlth    ..........             x - amulet of faith
Regen    0.3/turn               F - +4 ring of evasion
                                Q - ring of protection from magic

@: berserking, very quick
A: dopey 1, mutation resistance 1
a: Berserk, Trog's Hand, Brothers in Arms, Burn Spellbooks, Renounce Religion,
Evoke Invisibility


You were on level 9 of the Dungeon.
You worshipped Trog.
Trog was extremely pleased with you.
You were near starving.

You visited 1 branch of the dungeon, and saw 9 of its levels.
You also visited: Sewer.

You collected 494 gold pieces.
You spent 92 gold pieces at shops.

Inventory:

Hand Weapons
 a - a +0 falchion
 d - a +0 long sword (weapon)
 u - a +0 hunting sling of flaming
Missiles
 p - 276 stones (quivered)
 J - 8 tomahawks of dispersal
 P - 15 sling bullets
Armour
 b - a +0 animal skin
 m - a +0 ring mail of magic resistance
 o - a +1 helmet of see invisible (worn)
 q - a +0 chain mail (worn)
 D - a +0 cloak of invisibility (worn)
 N - a +0 buckler (worn)
Jewellery
 x - an amulet of faith (around neck)
 y - an uncursed ring of protection from cold
 C - an uncursed ring of positive energy
 F - a +4 ring of evasion (right hand)
 H - an uncursed ring of magical power
 Q - a ring of protection from magic (left hand)
Wands
 A - a wand of paralysis (12/24)
 O - a wand of paralysis (11/24)
 T - a wand of random effects (27/48)
Scrolls
 f - 3 scrolls of identify
 h - 8 scrolls of remove curse
 i - a scroll of random uselessness {unknown}
 j - 2 scrolls of recharging
 r - 2 scrolls of magic mapping
 s - 2 scrolls of enchant weapon {unknown}
 z - 4 scrolls of teleportation
 K - a scroll of enchant armour {unknown}
 L - 2 scrolls of immolation {unknown}
 V - a scroll of fog {unknown}
Potions
 e - 6 potions of curing
 g - 2 potions of might {unknown}
 l - 3 potions of agility
 n - a potion of cancellation
 t - 2 potions of lignification
 v - 2 potions of flight {unknown}
 w - 5 potions of brilliance {unknown}
 B - a potion of invisibility
 G - a potion of ambrosia {unknown}
 I - a potion of heal wounds
 U - a potion of resistance {unknown}
Books
 R - a book of Power

   Spells                             Type                      Level
   a - Fulminant Prism                Conjuration/Hexes            4
   b - Iskenderun's Mystic Blast      Conjuration                  4
   c - Venom Bolt                     Conjuration/Poison           5
   d - Bolt of Magma                  Conjuration/Fire/Earth       5
   e - Iron Shot                      Conjuration/Earth            6
   f - Orb of Destruction             Conjuration                  7
   g - Spellforged Servitor           Conjuration/Summoning        7
   Trog disapproves of the use of such an item.
 S - a book of Geomancy

   Spells                             Type                      Level
   a - Sandblast                      Earth                        1
   b - Passwall                       Transmutation/Earth          2
   c - Stone Arrow                    Conjuration/Earth            3
   d - Petrify                        Transmutation/Earth          4
   e - Lee's Rapid Deconstruction     Earth                        5
   Trog disapproves of the use of such an item.
Comestibles
 c - 6 bread rations
 k - 4 meat rations
 E - a slice of pizza
 M - 6 fruits


   Skills:
 - Level 2.6 Fighting
 + Level 7.5 Long Blades
 + Level 7.8 Armour
 + Level 7.9 Dodging
 - Level 5.6 Shields


You had 9 spell levels left.
You didn't know any spells.

Dungeon Overview and Level Annotations

Branches:
Dungeon (9/15)             Temple (0/1) D:6
   Lair: D:8-11         Orc: D:9-12

Altars:
Cheibriados
Dithmenos
Elyvilon
Gozag
Hepliaklqana
Kikubaaqudgha
Makhleb
Nemelex Xobeh
Okawaru
Qazlal
Sif Muna
Uskayaw
Yredelemnul
Zin
The Shining One

Shops:
D:4 !   D:5 !   D:9 =

Annotations:
D:9 Kidiri's ghost, journeyman DEFE


Innate Abilities, Weirdness & Mutations

You are small and have problems with some larger weapons.
You are somewhat resistant to further mutation.
You are dopey. (Int -2)


Message History

You feel yourself moving faster!
You feel mighty!
You are near starving!
You hit Kidiri's ghost.
Kidiri's ghost is lightly damaged.
Kidiri's ghost misses you.
You hit Kidiri's ghost.
Kidiri's ghost is lightly damaged.
Kidiri's ghost casts a spell at you. The puff of flame hits you!
You miss Kidiri's ghost.
Kidiri's ghost is lightly damaged.
You hit Kidiri's ghost.
Kidiri's ghost is lightly damaged.
You block Kidiri's ghost's attack.
You miss Kidiri's ghost.
Kidiri's ghost is lightly damaged.
Kidiri's ghost whispers, "There is no future for you."
Kidiri's ghost gestures at you while chanting.
The fireball explodes!
The fireball engulfs you!
You die...

..
#......
..#.....
.#.....
'....
#.... #
#...# .#
#..W###.#
#..@....#
#.......#
####.####
#....$#
#.#.###
#.._..#
###.#.#
#.....#
####.####


You could see Kidiri's ghost.

Vanquished Creatures
  Menkaure (D:6)
  A sky beast (D:5)
  2 orc warriors
  2 ice beasts
  A black bear (D:7)
  2 ogres
  A phantom (D:5)
  2 centaurs
  A big kobold (D:8)
  Blork the orc (D:4)
  3 bullfrogs
  A scorpion (D:8)
  2 howler monkeys
  5 crimson imps
  3 hounds
  6 orc priests
  6 orc wizards
  2 bullfrog skeletons
  A centaur skeleton (D:7)
  A jelly (D:5)
  Crazy Yiuf (D:3)
  An iguana (D:8)
  Ijyb (D:3)
  3 worker ants
  2 hound skeletons
  Robin (D:2)
  3 gnolls (D:8)
  A river rat (D:5)
  11 adders
  3 oozes
  2 adder skeletons
  3 worms
  2 dart slugs
  9 leopard geckos
  16 orcs
  4 ball pythons
  12 giant cockroaches
  14 goblins
  7 hobgoblins
  12 jackals
  17 kobolds
  5 quokkas
  8 bats
  11 frilled lizards
  5 rats
198 creatures vanquished.

Notes
Turn   | Place    | Note
-------+----------+-------------------------------------------
     0 | D:1      | nono the Halfling Berserker began the quest for the Orb.
     0 | D:1      | Reached XP level 1. HP: 15/15 MP: 1/1
    44 | D:1      | Reached XP level 2. HP: 20/20 MP: 2/2
   713 | D:1      | Reached XP level 3. HP: 25/25 MP: 3/3
   992 | D:2      | Reached ** piety under Trog
  1596 | D:2      | Noticed Robin
  1610 | D:2      | Reached XP level 4. HP: 30/30 MP: 4/4
  1617 | D:2      | Killed Robin
  1777 | D:2      | Found a snail-covered altar of Cheibriados.
  2068 | D:2      | Reached XP level 5. HP: 34/35 MP: 5/5
  2156 | D:2      | Reached *** piety under Trog
  2579 | D:3      | Noticed Ijyb
  2579 | D:3      | Paralysed by Ijyb for 6 turns
  2588 | D:3      | Paralysed by Ijyb for 7 turns
  2604 | D:3      | Paralysed by Ijyb for 6 turns
  2612 | D:3      | Paralysed by Ijyb for 5 turns
  2634 | D:3      | Killed Ijyb
  2697 | D:3      | Found a runed door.
  2701 | D:3      | Noticed Crazy Yiuf
  2706 | D:3      | Killed Crazy Yiuf
  2754 | D:3      | Reached XP level 6. HP: 34/41 MP: 6/6
  2785 | D:3      | Found an ancient bone altar of Kikubaaqudgha.
  3101 | D:4      | Found Eruannef's Distillery.
  3105 | D:4      | Found a hazy altar of Hepliaklqana.
  3106 | D:4      | Bought a potion of curing for 42 gold pieces
  3169 | D:4      | Noticed an ogre
  3175 | D:4      | Killed an ogre
  3275 | D:4      | Noticed Blork the orc
  3290 | D:4      | Reached XP level 7. HP: 45/45 MP: 7/7
  3295 | D:4      | Killed Blork the orc
  3295 | D:4      | Received a gift from Trog
  3295 | D:4      | Reached **** piety under Trog
  3295 | D:4      | Reached skill level 5 in Long Blades
  3295 | D:4      | Reached skill level 5 in Dodging
  3382 | D:4      | Found a faded altar of an unknown god.
  3382 | D:4      | Found a shadowy altar of Dithmenos.
  3387 | D:4      | Found a faded altar of an unknown god.
  3389 | D:4      | Found a sparkling altar of Nemelex Xobeh.
  3390 | D:4      | Found a hide-covered altar of Uskayaw.
  3559 | D:4      | Reached skill level 5 in Armour
  3791 | D:5      | Entered Level 5 of the Dungeon
  3872 | D:5      | Found Plog's Distillery.
  3919 | D:5      | Bought a potion of heal wounds for 50 gold pieces
  3984 | D:5      | Reached XP level 8. HP: 43/51 MP: 8/8
  4046 | D:5      | Gained mutation: You are dopey. (Int -2) [mutagenic meat]
  4136 | D:5      | Found a stormy altar of Qazlal.
  4314 | D:5      | Found a glowing drain.
  4322 | Sewer    | Entered a sewer
  5052 | D:6      | Found a glowing golden altar of the Shining One.
  5053 | D:6      | Found a glowing silver altar of Zin.
  5054 | D:6      | Found a white marble altar of Elyvilon.
  5177 | D:6      | Reached XP level 9. HP: 55/55 MP: 9/9
  5226 | D:6      | Found a burning altar of Makhleb.
  5226 | D:6      | Found a basalt altar of Yredelemnul.
  5636 | D:6      | Noticed Menkaure
  5646 | D:6      | Killed Menkaure
  5685 | D:6      | Found a staircase to the Ecumenical Temple.
  5732 | D:6      | Found an iron altar of Okawaru.
  5815 | D:7      | Found a deep blue altar of Sif Muna.
  6272 | D:7      | Received a gift from Trog
  6318 | D:7      | Reached skill level 5 in Shields
  6839 | D:8      | Reached ***** piety under Trog
  7244 | D:9      | Reached XP level 10. HP: 61/61 MP: 10/10
  7272 | D:9      | Found Lemuiceg's Jewellery Shop.
  7389 | D:9      | Found an opulent altar of Gozag.
  7403 | D:9      | Noticed Kidiri's ghost (journeyman DEFE)
  7411 | D:9      | Killed from afar by Kidiri's ghost

Vault maps used:
D:1:      mrwooster_arrival_statue_3, minmay_misc_feat_enclosed,
          minmay_stone_trees_small, dk_noncrumbling_2, kennysheep_nondescript
D:2:      lemuel_coloured_pillars_altar, uniq_robin
D:3:      kiku_gazebo_pond_becter, uniq_iyjb, uniq_crazy_yiuf_cottage
D:4:      wad_lake_hut, overflow_temple_1_default,
          chequers_temple_overflow_minitemple, serial_shops, nicolae_shop_stone,
          serial_glass, glass_columns_c, glass_columns_a, glass_columns_a,
          glass_columns_c, glass_columns_c, glass_columns_a, glass_columns_b,
          glass_columns_b, uniq_blork_the_orc
D:5:      grunt_qazlal_clouds, serial_shops, shop_fountains,
          gup_sewer_entry_spiral, first_bread, wad_floor_pattern_untrapped
D:6:      good_gods_temple_1, okawaru_metal_pillars_3,
          gammafunk_temple_overflow_wave, uniq_menkaure
D:7:      lemuel_blue_sif_altar, minmay_a_box_with_orc_wizards_in_it
D:9:      nicolae_gozag_cash_rules_everything_around_me, serial_shops, shop,
          uniq_psyche
Sewer:    sewer_frog_island_01

Skill      XL: |  1  2  3  4  5  6  7  8  9 |
---------------+----------------------------+-----
Dodging        | 3 4 5 7 |  7.9
Armour         | 3 4 5 6 7 |  7.8
Long Blades    | 4 5 6 7 |  7.5
Shields        | 5 |  5.6
Fighting       | |  2.6

Action                   |  1- 3 |  4- 6 |  7- 9 | 10-12 || total
-------------------------+-------+-------+-------+-------++-------
Melee: Falchion          |   102 |   230 |   498 |       ||   830
       Long sword        |       |       |    79 |    14 ||    93
 Fire: Hunting sling     |     5 |       |       |       ||     5
Throw: Stone             |     1 |       |       |       ||     1
Invok: Berserk           |     1 |     4 |     9 |     1 ||    15
       Trog's Hand       |       |     1 |     3 |       ||     4
  Use: Scroll            |       |       |    10 |       ||    10
  Eat: Chunk             |     2 |    10 |    26 |       ||    38
       Fruit             |       |       |     3 |       ||     3
Armor: Animal skin       |     5 |       |       |       ||     5
       Chain mail        |     6 |   129 |   169 |     3 ||   307
       Ring mail         |     6 |       |       |       ||     6
Dodge: Dodged            |   106 |   148 |   442 |     4 ||   700
Block: Buckler           |       |       |    50 |     2 ||    52
       Rpst.: Falchion   |    35 |    46 |   114 |       ||   195
       Long sword        |       |       |    25 |     1 ||    26
